 Dungeon Crawl Stone Soup version 0.18.1-48-g4cf74bf (webtiles) character file.

411 tyranidshit the Skirmisher (level 6, -1/62 HPs)
             Began as a Deep Dwarf Necromancer on July 22, 2016.
             Was an Initiate of Makhleb.
             Slain by an orc warrior
             ... wielding a +0 mace
              (11 damage)
             ... on level 4 of the Dungeon.
             The game lasted 00:08:08 (2530 turns).

tyranidshit the Skirmisher (Deep Dwarf Necromancer) Turns: 2530, Time: 00:08:08

Health: -1/62      AC:  6    Str: 14    XL:     6   Next: 58%
Magic:  7/7        EV: 10    Int: 15    God:    Makhleb [......]
Gold:   184        SH:  0    Dex: 13    Spells: 1 memorised, 7 levels left

rFire  . . .     SeeInvis .     s - +1 falchion (freeze)
rCold  . . .     Gourm    .     e - +1 ring mail
rNeg   . . .     Faith    .     (no shield)
rPois  .         Spirit   .     (no helmet)
rElec  .         Dismiss  .     (no cloak)
rCorr  .         Reflect  .     (no gloves)
SustAt .         Harm     .     (no boots)
MR     .....                    (no amulet)
Stlth  +.........               (no ring)
                                i - ring of flight

@: very slightly contaminated, non-regenerating, hasted, heavily drained, very
quick, not resistant to hostile enchantments, very unstealthy
A: damage resistance, recharge devices, sense surroundings 1, slow regeneration
3
a: Device Recharging, Renounce Religion, Evoke Flight


You were on level 4 of the Dungeon.
You worshipped Makhleb.
Makhleb was noncommittal.
You were not hungry.

You visited 2 branches of the dungeon, and saw 5 of its levels.

You collected 184 gold pieces.

Inventory:

Hand Weapons
 h - a +1 halberd
 l - a +0 dagger
 p - a +0 whip
 s - a +1 falchion of freezing (weapon)
Missiles
 g - 19 poisoned needles
Armour
 e - a +1 ring mail (worn)
Jewellery
 i - a ring of flight (left hand)
Wands
 c - a wand of heal wounds (0/9)
 q - a wand of flame (5/48)
Scrolls
 a - 2 scrolls of random uselessness
 j - 3 scrolls of identify
 o - a scroll of teleportation
 r - a scroll of magic mapping
 u - a scroll of amnesia {unknown}
Books
 b - a book of Necromancy

   Spells                             Type                      Level
   a - Pain                           Necromancy                   1
   b - Animate Skeleton               Necromancy                   1
   c - Vampiric Draining              Necromancy                   3
   d - Regeneration                   Charms/Necromancy            3
   e - Animate Dead                   Necromancy                   4
   f - Control Undead                 Necromancy                   4
Comestibles
 d - a bread ration
 f - a royal jelly
 m - 2 meat rations
 n - 3 fruits


   Skills:
 + Level 6.1(4.8) Fighting
 - Level 2.1(0.9) Dodging
 - Level 2.4(1.2) Stealth
 - Level 1.7(0.5) Spellcasting
 - Level 4.3(3.1) Necromancy


You had 7 spell levels left.
You knew the following spells:

 Your Spells              Type           Power        Failure   Level  Hunger
a - Pain                  Necr           #...         17%         1    ##.....


Dungeon Overview and Level Annotations

Branches:
Dungeon (4/15)             Temple (1/1) D:4

Altars:
Ashenzari
Cheibriados
Elyvilon
Fedhas
Kikubaaqudgha
Makhleb
Okawaru
Vehumet
Xom
Yredelemnul
The Shining One


Innate Abilities, Weirdness & Mutations

You are resistant to damage.
You can recharge devices by infusing magical energy.
You passively map a small area around you.
You do not regenerate naturally.


Message History

Evoke which item? (* to show all) (? for menu, Esc to quit)
Zapping:
c - a wand of heal wounds (1/9)
Press: ? - help, Shift-Dir - straight line, f - you You feel much better.
This wand has 0 charges left.
The orc wizard barely misses you. The orc barely misses you.
You hit the orc warrior but do no damage.
The orc warrior is severely wounded.
The orc wizard miscasts a cantrip.
The orc warrior completely misses you. The orc wizard closely misses you.
The orc closely misses you.
You hit the orc warrior. You freeze the orc warrior.
The orc warrior is almost dead.
The orc warrior hits you with a mace!
* * * LOW HITPOINT WARNING * * *
The orc wizard closely misses you.
You closely miss the orc warrior.
The orc warrior is almost dead.
The orc wizard barely misses you. The orc hits you but does no damage.
The orc warrior hits you with a mace!
You die...

#.........######..#.
#.........##.####.#.
**#######....##.)...###.#.
*,,...........+..)...##.#.
*,###.........#...#.###.#.
*,..........#.#...#..##...
***##.........#...##.###'#
#......................
*#.####@#######......#.#
*,,*#.oooo#* #.####..#.
*,,,##.oo..#**#......#.#
*,,,8##....#,*#.###.....
*,,,**#$#..(.,*,* #.....
*,,,*,#.8(#.##*,*##.....
*,,,**....#.#**,*#...#+#
*,,**,..##.*#,*,*#..#.#+
*,,*,,***,*,,**,*#......


You could see an orc warrior, an orc priest, an orc wizard and 3 orcs.

Vanquished Creatures
  A water moccasin (D:3)
  The ghost of tyranidshit the Grave Robber, an amateur DDNe (D:3)
  An orc wizard (D:4)
  A worker ant (D:4)
  4 gnolls (D:2)
  6 adders
  2 worms
  A dart slug (D:2)
  4 giant geckos
  4 orcs (D:4)
  A ball python (D:2)
  12 bats
  A giant cockroach (D:1)
  2 goblins
  4 hobgoblins
  2 jackals (D:3)
  7 kobolds
  A quokka (D:2)
  A giant newt (D:1)
  5 rats
61 creatures vanquished.

Vanquished Creatures (others)
  A ball python (D:2)
1 creature vanquished.

Grand Total: 62 creatures vanquished

Notes
Turn   | Place    | Note
--------------------------------------------------------------
     0 | D:1      | tyranidshit the Deep Dwarf Necromancer began the quest for the Orb.
     0 | D:1      | Reached XP level 1. HP: 15/15 MP: 3/3
   226 | D:1      | Reached skill level 1 in Fighting
   392 | D:1      | Reached XP level 2. HP: 25/25 MP: 1/4
   550 | D:1      | Reached skill level 2 in Fighting
   672 | D:2      | Reached XP level 3. HP: 20/33 MP: 2/5
   955 | D:2      | Reached skill level 3 in Fighting
   980 | D:2      | Reached XP level 4. HP: 17/42 MP: 4/6
  1019 | D:2      | Found a white marble altar of Elyvilon.
  1431 | D:3      | Noticed a water moccasin
  1454 | D:3      | Found a blossoming altar of Fedhas.
  1466 | D:3      | Found an iron altar of Okawaru.
  1479 | D:3      | Killed a water moccasin
  1479 | D:3      | Reached skill level 4 in Fighting
  1479 | D:3      | Reached XP level 5. HP: 51/51 MP: 7/7
  1603 | D:3      | Reached skill level 5 in Fighting
  1634 | D:3      | Noticed tyranidshit's ghost (amateur DDNe)
  1661 | D:3      | Killed tyranidshit's ghost
  1661 | D:3      | Reached XP level 6. HP: 28/62 MP: 8/8
  2113 | D:4      | Reached skill level 6 in Fighting
  2124 | D:4      | Found a staircase to the Ecumenical Temple.
  2190 | Temple   | Entered the Ecumenical Temple
  2213 | Temple   | Became a worshipper of Makhleb the Destroyer
  2403 | D:4      | Found a glowing golden altar of the Shining One.
  2489 | D:4      | Noticed an orc warrior
  2526 | D:4      | HP: 2/62 [orc warrior/mace (17)]
  2530 | D:4      | Slain by an orc warrior

Skill      XL: |  1  2  3  4  5  6 |
---------------+-------------------+-----
Fighting       | 1 2 3 4 5 6 |  6.1
Dodging        | |  2.1
Stealth        | |  2.4
Spellcasting   | |  1.7
Necromancy     | |  4.3

Action                   |  1- 3 |  4- 6 || total
-------------------------+-------+-------++-------
Melee: Unarmed           |     3 |       ||     3
       Dagger            |    63 |       ||    63
       Whip              |     5 |       ||     5
       Halberd           |       |   151 ||   151
       Falchion          |       |    34 ||    34
 Cast: Pain              |    30 |       ||    30
 Abil: Device Recharging |       |     1 ||     1
Evoke: Wand              |     1 |    16 ||    17
  Use: Potion            |     6 |     3 ||     9
       Scroll            |     1 |     9 ||    10
 Stab: Sleeping          |       |     1 ||     1
  Eat: Bread ration      |     1 |     1 ||     2
Armor: Ring mail         |    29 |   154 ||   183
Dodge: Dodged            |    50 |   276 ||   326
